TOP OF THE 1ST |
Phoenix Hotspur Reserves batting - Pitching for Alloway Halberds : RHP Bob Browning
|
Pitching: RHP Bob Browning
|
|
Batting: LHB Jason DeGeorge
|
0-0: Swinging Strike 0-1: Foul Ball, location: 2F 0-2: Fly out, F8 (Line Drive, 8LD)
|
Batting: RHB Jim Justice
|
0-0: Ball 1-0: Ground out 4-3 (Groundball, 4)
|
Batting: LHB Mare Riseley
|
0-0: Called Strike 0-1: Swinging Strike 0-2: Ball 1-2: SINGLE (Groundball, 4MD)
|
Batting: RHB Hieronymus Bosch
|
0-0: Swinging Strike 0-1: Fielders Choice at 2nd, U6 (Groundball, 6M)
|
Top of the 1st over - 0 runs, 1 hit, 0 errors, 1 left on base; Phoenix 0 - Alloway 0 |
BOTTOM OF THE 1ST |
Alloway Halberds batting - Pitching for Phoenix Hotspur Reserves : RHP Larry Souder
|
Pitching: RHP Larry Souder
|
|
Batting: RHB José Alcalá
|
0-0: SINGLE (Line Drive, 5D)
|
Batting: RHB Kelly Harris
|
0-0: Ball 1-0: Ball 2-0: Called Strike 2-1: Swinging Strike 2-2: Foul Ball, location: 2F 2-2: Ground out 5-3 (Groundball, 56S) José Alcalá to second
|
Batting: LHB Mike Clifton
|
0-0: Ball 1-0: Foul Ball, location: 2F 1-1: Ball 2-1: Foul Ball, location: 2F 2-2: Ball 3-2: Base on Balls
|
Batting: RHB Manny Gonzáles
|
0-0: Foul Ball, location: 2F 0-1: Ball José Alcalá steals 3rd base 1-1: DOUBLE (Line Drive, 89XD) José Alcalá scores Mike Clifton to third
|
Batting: RHB Bass Reeves
|
0-0: Ball 1-0: Ground out 5-3 (Groundball, 56) Mike Clifton scores
|
Batting: RHB Luis Jelarde
|
0-0: Ball 1-0: Foul Ball, location: 2F 1-1: Fly out, F8 (Flyball, 8RS)
|
Bottom of the 1st over - 2 runs, 2 hits, 0 errors, 1 left on base; Phoenix 0 - Alloway 2 |
TOP OF THE 2ND |
Phoenix Hotspur Reserves batting - Pitching for Alloway Halberds : RHP Bob Browning
|
Batting: RHB Carl Tucker
|
0-0: Ball 1-0: Ball 2-0: Called Strike 2-1: Ball 3-1: Base on Balls
|
Batting: RHB Solomon Norment
|
0-0: Foul Ball, location: 2F 0-1: Foul Ball, location: 2F 0-2: SINGLE (Line Drive, 9S) Carl Tucker to second
|
Batting: RHB Bernardo Rivera
|
0-0: Ball 1-0: Called Strike 1-1: Grounds into double play, 4-6-3 (Groundball, 4) Carl Tucker to third
|
Batting: RHB Germán Alfaro
|
0-0: Ball 1-0: Foul Ball, location: 2F 1-1: Ground out 6-3 (Groundball, 6)
|
Top of the 2nd over - 0 runs, 1 hit, 0 errors, 1 left on base; Phoenix 0 - Alloway 2 |
BOTTOM OF THE 2ND |
Alloway Halberds batting - Pitching for Phoenix Hotspur Reserves : RHP Larry Souder
|
Batting: RHB Enrique Gómez
|
0-0: Ball 1-0: Ball 2-0: Swinging Strike 2-1: Foul Ball, location: 2F 2-2: Strikes out looking
|
Batting: RHB Cisco Hernández
|
0-0: Ball 1-0: SINGLE (Groundball, 56D)
|
Batting: RHB Carlos Ramírez
|
0-0: Ball 1-0: Ball 2-0: Called Strike 2-1: SINGLE (Line Drive, 6D) Cisco Hernández to second
|
Batting: RHB José Alcalá
|
0-0: Ball Cisco Hernández steals 3rd base Carlos Ramírez to second 1-0: Ball 2-0: Ball 3-0: Base on Balls
|
Batting: RHB Kelly Harris
|
0-0: Foul Ball, location: 2F 0-1: Foul Ball, location: 2F 0-2: Ball 1-2: Foul Ball, location: 2F 1-2: Foul Ball, location: 2F 1-2: Ball 2-2: Fly out, F8 (Flyball, 8RS) Runner from 3rd tags up, OUT at HOME
|
Bottom of the 2nd over - 0 runs, 2 hits, 0 errors, 2 left on base; Phoenix 0 - Alloway 2 |
TOP OF THE 3RD |
Phoenix Hotspur Reserves batting - Pitching for Alloway Halberds : RHP Bob Browning
|
Batting: RHB Satoshi Terada
|
0-0: Ball 1-0: Called Strike 1-1: Ball 2-1: Called Strike 2-2: Foul Ball, location: 2F 2-2: Foul Ball, location: 2F 2-2: Strikes out swinging
|
Batting: LHB Jason DeGeorge
|
0-0: Ball 1-0: Foul Ball, location: 2F 1-1: Called Strike 1-2: Hit by Pitch
|
Batting: RHB Jim Justice
|
0-0: Ball 1-0: Ball 2-0: Called Strike 2-1: Fly out, F7 (Flyball, 7)
|
Batting: LHB Mare Riseley
|
0-0: SINGLE (Line Drive, 4M) Jason DeGeorge to second
|
Batting: RHB Hieronymus Bosch
|
0-0: SINGLE (Line Drive, 78M) Jason DeGeorge to third Mare Riseley to second Runner from 3rd tries for Home, SAFE, no throw
|
Batting: RHB Carl Tucker
|
0-0: Ball 1-0: Fly out, F9 (Line Drive, 9LS)
|
Top of the 3rd over - 1 run, 2 hits, 0 errors, 2 left on base; Phoenix 1 - Alloway 2 |
BOTTOM OF THE 3RD |
Alloway Halberds batting - Pitching for Phoenix Hotspur Reserves : RHP Larry Souder
|
Batting: LHB Mike Clifton
|
0-0: Ball 1-0: Foul Ball, location: 2F 1-1: Ball 2-1: Ball 3-1: Base on Balls
|
Batting: RHB Manny Gonzáles
|
0-0: Fly out, F7 (Line Drive, 78D)
|
Batting: RHB Bass Reeves
|
0-0: Ball 1-0: Foul Ball, location: 2F 1-1: Ball 2-1: Ball 3-1: Foul Ball, location: 2F 3-2: Base on Balls Mike Clifton to second
|
Batting: RHB Luis Jelarde
|
0-0: Called Strike 0-1: Ball 1-1: Ball 2-1: Ball 3-1: Base on Balls Mike Clifton to third Bass Reeves to second
|
Batting: RHB Enrique Gómez
|
0-0: Grounds into double play, 6-4-3 (Groundball, 6)
|
Bottom of the 3rd over - 0 runs, 0 hits, 0 errors, 2 left on base; Phoenix 1 - Alloway 2 |
TOP OF THE 4TH |
Phoenix Hotspur Reserves batting - Pitching for Alloway Halberds : RHP Bob Browning
|
Batting: RHB Solomon Norment
|
0-0: Ball 1-0: Ground out 5-3 (Groundball, 5S)
|
Batting: RHB Bernardo Rivera
|
0-0: Called Strike 0-1: Ball 1-1: Called Strike 1-2: Ball 2-2: Ball 3-2: Fly out, F8 (Flyball, 8LM)
|
Batting: RHB Germán Alfaro
|
0-0: Foul Ball, location: 2F 0-1: Fly out, F8 (Flyball, 8RD)
|
Top of the 4th over - 0 runs, 0 hits, 0 errors, 0 left on base; Phoenix 1 - Alloway 2 |
BOTTOM OF THE 4TH |
Alloway Halberds batting - Pitching for Phoenix Hotspur Reserves : RHP Larry Souder
|
Batting: RHB Cisco Hernández
|
0-0: Called Strike 0-1: Swinging Strike 0-2: Ball 1-2: Foul Ball, location: 2F 1-2: Ball 2-2: Ball 3-2: Fly out, F8 (Flyball, 8RD)
|
Batting: RHB Carlos Ramírez
|
0-0: Fly out, F9 (Flyball, 9)
|
Batting: RHB José Alcalá
|
0-0: Called Strike 0-1: Ball 1-1: Called Strike 1-2: Ball 2-2: Ball 3-2: Foul Ball, location: 2F 3-2: Foul Ball, location: 2F 3-2: Fly out, F4 (Popup, 23)
|
Bottom of the 4th over - 0 runs, 0 hits, 0 errors, 0 left on base; Phoenix 1 - Alloway 2 |
TOP OF THE 5TH |
Phoenix Hotspur Reserves batting - Pitching for Alloway Halberds : RHP Bob Browning
|
Batting: RHB Satoshi Terada
|
0-0: Ball 1-0: Ball 2-0: Ball 3-0: Base on Balls
|
Batting: LHB Jason DeGeorge
|
0-0: Hit by Pitch Satoshi Terada to second
|
Batting: RHB Jim Justice
|
0-0: Bunt missed! 0-1: Sac Bunt - play at first, batter OUT! 1-4 Satoshi Terada to third Jason DeGeorge to second
|
Batting: LHB Mare Riseley
|
0-0: Ball 1-0: Ball 2-0: Ball 3-0: Base on Balls
|
Batting: RHB Hieronymus Bosch
|
0-0: Fly out, F5 (Flyball, 56D)
|
Batting: RHB Carl Tucker
|
0-0: Called Strike 0-1: Called Strike 0-2: Ball 1-2: Foul Ball, location: 2F 1-2: Foul Ball, location: 2F 1-2: Strikes out swinging
|
Top of the 5th over - 0 runs, 0 hits, 0 errors, 3 left on base; Phoenix 1 - Alloway 2 |
BOTTOM OF THE 5TH |
Alloway Halberds batting - Pitching for Phoenix Hotspur Reserves : RHP Larry Souder
|
Batting: RHB Kelly Harris
|
0-0: Called Strike 0-1: Ground out 6-3 (Groundball, 6)
|
Batting: LHB Mike Clifton
|
0-0: Fly out, F7 (Flyball, 78D)
|
Batting: RHB Manny Gonzáles
|
0-0: Called Strike 0-1: Ball 1-1: Ball 2-1: Fly out, F7 (Flyball, 7S)
|
Bottom of the 5th over - 0 runs, 0 hits, 0 errors, 0 left on base; Phoenix 1 - Alloway 2 |
TOP OF THE 6TH |
Phoenix Hotspur Reserves batting - Pitching for Alloway Halberds : RHP Bob Browning
|
Batting: RHB Solomon Norment
|
0-0: Called Strike 0-1: Ball 1-1: Ball 2-1: Ball 3-1: Called Strike 3-2: Base on Balls
|
Batting: RHB Bernardo Rivera
|
0-0: Called Strike 0-1: Foul Ball, location: 2F 0-2: Strikes out swinging
|
Batting: RHB Germán Alfaro
|
0-0: Ball 1-0: Ball 2-0: Swinging Strike 2-1: Swinging Strike 2-2: Ball 3-2: Strikes out looking Solomon Norment is caught stealing 2nd base Batter strikes out.
|
Top of the 6th over - 0 runs, 0 hits, 0 errors, 0 left on base; Phoenix 1 - Alloway 2 |
BOTTOM OF THE 6TH |
Alloway Halberds batting - Pitching for Phoenix Hotspur Reserves : RHP Larry Souder
|
Batting: RHB Bass Reeves
|
0-0: Called Strike 0-1: SINGLE (Flyball, 7S)
|
Batting: RHB Luis Jelarde
|
0-0: Sac Bunt - play at first, batter OUT! 2-3 Bass Reeves to second
|
Batting: RHB Enrique Gómez
|
0-0: Called Strike 0-1: Called Strike 0-2: Ball 1-2: Ball 2-2: Ball 3-2: Base on Balls
|
Batting: RHB Cisco Hernández
|
0-0: Grounds into double play, 4-6-3 (Groundball, 4)
|
Bottom of the 6th over - 0 runs, 1 hit, 0 errors, 1 left on base; Phoenix 1 - Alloway 2 |
TOP OF THE 7TH |
Phoenix Hotspur Reserves batting - Pitching for Alloway Halberds : RHP Bob Browning
|
Batting: RHB Satoshi Terada
|
0-0: Called Strike 0-1: Called Strike 0-2: Ball 1-2: Foul Ball, location: 2F 1-2: Strikes out swinging
|
Batting: LHB Jason DeGeorge
|
0-0: Foul Ball, location: 2F 0-1: SINGLE (Flyball, 9S)
|
Pinch Hitting: LHB António Escalante
|
0-0: Called Strike Jason DeGeorge steals 2nd base 0-1: Foul Ball, location: 2F 0-2: Foul Ball, location: 2F 0-2: Foul Ball, location: 2F 0-2: Ball 1-2: Fly out, F4 (Flyball, 34D)
|
Batting: LHB Mare Riseley
|
0-0: Ball 1-0: Swinging Strike 1-1: Swinging Strike 1-2: Ball 2-2: Strikes out swinging
|
Top of the 7th over - 0 runs, 1 hit, 0 errors, 1 left on base; Phoenix 1 - Alloway 2 |
BOTTOM OF THE 7TH |
Alloway Halberds batting - Pitching for Phoenix Hotspur Reserves : RHP Larry Souder
|
Now at 2B: António Escalante
|
|
Batting: RHB Carlos Ramírez
|
0-0: Ball 1-0: Ball 2-0: Called Strike 2-1: Ground out 6-3 (Groundball, 6)
|
Batting: RHB José Alcalá
|
0-0: Ball 1-0: Ball 2-0: Ball 3-0: Base on Balls
|
Batting: RHB Kelly Harris
|
0-0: Ball 1-0: Ball 2-0: Foul Ball, location: 2F 2-1: Foul Ball, location: 2F 2-2: SINGLE (Line Drive, 6MD) José Alcalá to second
|
Batting: LHB Mike Clifton
|
0-0: Foul Ball, location: 2F 0-1: Ball 1-1: Ball 2-1: SINGLE (Line Drive, 4D) José Alcalá to third Kelly Harris to second
|
Batting: RHB Manny Gonzáles
|
0-0: Ball 1-0: Called Strike 1-1: Grounds into double play, 6-2-3 (Groundball, 6)
|
Bottom of the 7th over - 0 runs, 2 hits, 0 errors, 2 left on base; Phoenix 1 - Alloway 2 |
TOP OF THE 8TH |
Phoenix Hotspur Reserves batting - Pitching for Alloway Halberds : RHP Bob Browning
|
Now at 1B: Lúcio Sánchez
|
|
Batting: RHB Hieronymus Bosch
|
0-0: Called Strike 0-1: Ground out 4-3 (Groundball, 4M)
|
Batting: RHB Carl Tucker
|
0-0: Ball 1-0: Foul Ball, location: 2F 1-1: Ground out U3 (Groundball, 3)
|
Batting: RHB Solomon Norment
|
0-0: Ball 1-0: Ball 2-0: Ball 3-0: Base on Balls
|
Pitching: RHP Seb Alport
|
|
Batting: RHB Bernardo Rivera
|
0-0: Ball 1-0: Swinging Strike 1-1: Ball 2-1: Foul Ball, location: 2F 2-2: Foul Ball, location: 2F 2-2: Foul Ball, location: 2F 2-2: Ball 3-2: Ground out 5-3 (Groundball, 56)
|
Top of the 8th over - 0 runs, 0 hits, 0 errors, 1 left on base; Phoenix 1 - Alloway 2 |
BOTTOM OF THE 8TH |
Alloway Halberds batting - Pitching for Phoenix Hotspur Reserves : RHP Larry Souder
|
Batting: RHB Bass Reeves
|
0-0: Ground out 6-3 (Groundball, 6)
|
Batting: RHB Luis Jelarde
|
0-0: Ball 1-0: Foul Ball, location: 2F 1-1: SINGLE (Line Drive, 8LS)
|
Batting: RHB Enrique Gómez
|
0-0: Ball 1-0: Fly out, F5 (Popup, 6S)
|
Batting: RHB Cisco Hernández
|
0-0: Foul Ball, location: 2F 0-1: Ball 1-1: Foul Ball, location: 2F 1-2: Foul Ball, location: 2F 1-2: Fielders Choice at 2nd, 6-4 (Groundball, 6)
|
Bottom of the 8th over - 0 runs, 1 hit, 0 errors, 1 left on base; Phoenix 1 - Alloway 2 |
TOP OF THE 9TH |
Phoenix Hotspur Reserves batting - Pitching for Alloway Halberds : RHP Seb Alport
|
Pitching: RHP Cheung Lai
|
|
Now at SS: Christovăo Galho
|
|
Batting: RHB Germán Alfaro
|
0-0: Ball 1-0: Called Strike 1-1: Ball 2-1: Swinging Strike 2-2: Ball 3-2: Strikes out swinging
|
Batting: RHB Satoshi Terada
|
0-0: Called Strike 0-1: Called Strike 0-2: Foul Ball, location: 2F 0-2: Strikes out swinging
|
Batting: LHB Jason DeGeorge
|
0-0: Ball 1-0: Foul Ball, location: 2F 1-1: Fly out, F7 (Flyball, 78M)
|
Top of the 9th over - 0 runs, 0 hits, 0 errors, 0 left on base; Phoenix 1 - Alloway 2 |
|